 Dungeon Crawl Stone Soup version 0.31-a0-210-gccc998df9b (webtiles) character file.

Game seed: 6251664667672839027

21 qw the Shooter (level 2, -4/24 HPs)
             Began as a Minotaur Hexslinger on June 30, 2023.
             Slain by Sigmund
             ... wielding a +0 scythe
              (9 damage)
             ... on level 2 of the Dungeon.
             The game lasted 00:00:19 (1022 turns).

qw the Shooter (Minotaur Hexslinger)                Turns: 1022, Time: 00:00:20

Health: -4/24      AC:  2    Str: 12    XL:     2   Next: 62%
Magic:  2/2        EV: 12    Int: 10    God:
Gold:   52         SH:  0    Dex: 12    Spells: 2/3 levels left

rFire   . . .        Y - +1 sling
rCold   . . .        (no shield)
rNeg    . . .        c - +0 robe
rPois   .            (helmet restricted)
rElec   .            (no cloak)
rCorr   .            (no gloves)
SInv    .            (no boots)
Will    .....        (no amulet)
Stlth   +            (no ring)
HPRegen 0.24/turn    (no ring)
MPRegen 0.08/turn

%: no passive effects
@: confused
A: horns 2, retaliatory headbutt
a: no special abilities


You were on level 2 of the Dungeon.
You visited 1 branch of the dungeon, and saw 2 of its levels.

You collected 52 gold pieces.


Innate Abilities, Weirdness & Mutations

You have a pair of horns on your head.
You reflexively headbutt those who attack you in melee.


   Skills:
 - Level 2.1 Fighting
 + Level 3.2 Ranged Weapons
 - Level 2.1 Dodging
 - Level 1.0 Spellcasting
 - Level 2.0 Hexes


You had 2 spell levels left.
You knew the following spells:

 Your Spells              Type           Power      Damage    Failure   Level
a - Slow                  Hex            16%        N/A       16%         1

Your spell library contained the following spells:

 Spells                   Type           Power      Damage    Failure   Level
 Inner Flame              Hex/Fire       2%         N/A       56%         3
 Portal Projectile        Hex/Tloc       4%         N/A       56%         3
 Cause Fear               Hex            2%         N/A       83%         4

Inventory:

Hand Weapons
 Y - a +1 sling (weapon)
Armour
 c - a +0 robe (worn)
Potions
 a - a potion of degeneration {unknown}
 e - a potion of magic {unknown}

Dungeon Overview and Level Annotations

Branches:
Dungeon (2/15)

Altars:

Annotations:
D:2 Sigmund


Message History

There is an open door, spattered with blood here.
You see here a +0 club.
Sigmund is nearby!
You shoot a sling bullet. The sling bullet barely misses Sigmund.
You hear an angry hiss.
A jackal comes into view.
You shoot a sling bullet.
The sling bullet closely misses Sigmund.
The jackal barks!
You shoot a sling bullet. The sling bullet hits Sigmund.
Sigmund is heavily wounded.
You shoot a sling bullet.
The sling bullet closely misses Sigmund.
You shoot a sling bullet. The sling bullet barely misses Sigmund.
Sigmund gestures at you while chanting.
You are confused.
Sigmund hits you from afar with a +0 scythe!
Sigmund closely misses you. Sigmund closely misses you.
Sigmund hits you from afar with a +0 scythe!
Ouch! That really hurt!
You feel less confused. Sigmund closely misses you.
You shoot a sling bullet.
The sling bullet closely misses Sigmund.
Sigmund closely misses you.
You shoot a sling bullet. The sling bullet hits Sigmund.
Sigmund is severely wounded.
Sigmund points at you and mumbles some strange words.
You are confused.
Sigmund casts a spell at you.
You are more confused.
Sigmund barely misses you. Sigmund closely misses you.
Sigmund barely misses you.
Sigmund mumbles some strange words.
Sigmund flickers and vanishes!
Deactivating autopickup; reactivate with Ctrl-A.
Something hits you!
You die...

..... ..### #. ..#
#. .## #. [# #.#
## .h #{ #.##
#.@## ##..## ##..#
##.## #..# ##.##
#..########. ~~
#####..........
...#....>.########


You could see a jackal.

Vanquished Creatures
  A dart slug (D:1)
  2 ball pythons (D:1)
  3 endoplasms (D:1)
  3 goblins
  A hobgoblin (D:1)
  A bat (D:1)
  3 frilled lizards (D:1)
  3 kobolds (D:1)
  A rat (D:1)
18 creatures vanquished.

Notes
Turn   | Place    | Note
-------+----------+-------------------------------------------
     0 | D:1      | qw the Minotaur Hexslinger began the quest for the Orb.
     0 | D:1      | Reached XP level 1. HP: 16/16 MP: 1/1
     0 | D:1      | 0 ||| qw: Version: 0.3-a-26-gee661ec
     0 | D:1      | 0 ||| qw: Game counter: 7226
     0 | D:1      | 0 ||| qw: Melee chars always use a shield: true
     0 | D:1      | 0 ||| qw: God list: Okawaru
     0 | D:1      | 0 ||| qw: Allow faded altars: false
     0 | D:1      | 0 ||| qw: Do Orc after clearing Dungeon:15 true
     0 | D:1      | 0 ||| qw: Do second Lair branch before Depths: true
     0 | D:1      | 0 ||| qw: Lair rune preference: random
     0 | D:1      | 0 ||| qw: Goals: Normal
     0 | D:1      | 0 ||| PLANNING D:1-11
   147 | D:1      | Reached skill level 3 in Ranged Weapons
   154 | D:1      | Reached XP level 2. HP: 23/23 MP: 2/2
   745 | D:1      | 745 ||| READING scroll labelled SISTRU XUAPHOEZ.
   746 | D:1      | 746 ||| READING scroll labelled SOLIKO DAIXTENT.
   747 | D:1      | 747 ||| DROPPING scroll of poison.
   775 | D:2      | Noticed Sigmund
   779 | D:2      | 779 ||| STAIRDANCE
   797 | D:2      | 797 ||| STAIRDANCE
   862 | D:2      | 862 ||| STAIRDANCE
  1010 | D:2      | HP: 2/24 [Sigmund/+0 scythe (12)]
  1022 | D:2      | Slain by Sigmund

Levels and vault maps discovered:
D:1:      dpeg_arrival_rhombi, layout_basic, serial_corexii_hall,
          corexii_hall_statues_l, corexii_hall_statues_i, corexii_corridor_pit
D:2:      layout_basic, serial_bayou_pond_c, chequers_serial_rivers_micro_b,
          dk_noncrumbling_3, hex_medium, uniq_jessica, uniq_robin, uniq_sigmund

Skill      XL: |  1  2 |
---------------+-------+-----
Ranged Weapons | 3 |  3.2
Fighting       | 2 |  2.1
Dodging        | |  2.1
Spellcasting   | |  1.0
Hexes          | |  2.0

Action                     || total
---------------------------++-------
   Fire: Sling             ||    63
    Use: Scroll            ||     2
 Armour: Robe              ||     2
  Dodge: Dodged            ||    19

Table legend:
 A = Non-vault XP
 B = Vault XP
 C = Vault XP percentage of total XP
 D = Non-vault monster count
 E = Vault monster count
 F = Vault count percentage of total count
                 A         B        C        D         E       F
            +---------+---------+-------+---------+---------+-------
      Total |      30 |       0 |   0.0 |      18 |       0 |   0.0
            +---------+---------+-------+---------+---------+-------
        D:1 |      28 |       0 |   0.0 |      17 |       0 |   0.0
        D:2 |       2 |       0 |   0.0 |       1 |       0 |   0.0
            +---------+---------+-------+---------+---------+-------
